 Dungeon Crawl Stone Soup version 0.31.0-9-g3a7656b989 (webtiles) character file.

Game seed: 11702670859866730932

883 DemonSlayer the Digger (level 7, -8/49 HPs)
             Began as a Demonspawn Earth Elementalist on Jan 24, 2024.
             Mangled by a troll (11 damage)
             ... on level 6 of the Dungeon.
             The game lasted 00:06:48 (4433 turns).

DemonSlayer the Digger (DsEE)                       Turns: 4433, Time: 00:06:49

Health: -8/49      AC:  2    Str:  6 (8)  XL:     7   Next: 76%
Magic:  3/15       EV: 12    Int: 16 (19) God:
Gold:   195        SH:  0    Dex: 13 (16) Spells: 10/17 levels left

rFire   . . .        w - +3 dagger
rCold   . . .        (no shield)
rNeg    . . .        a - +0 robe
rPois   .            (helmet restricted)
rElec   .            (no cloak)
rCorr   .            (no gloves)
SInv    .            (no boots)
Will    .....        (no amulet)
Stlth   ++           (no ring)
HPRegen 0.28/turn    (no ring)
MPRegen 0.14/turn

%: no passive effects
@: no status effects
A: horns 1, powered by death 1, big brain 2
a: no special abilities


You were on level 6 of the Dungeon.
You visited 1 branch of the dungeon, and saw 6 of its levels.

You collected 270 gold pieces.
You spent 75 gold pieces at shops.

Inventory:

Hand Weapons
 w - a +3 dagger (weapon)
Armour
 a - a +0 robe (worn)
Scrolls
 b - 3 scrolls of vulnerability
 c - a scroll of fog {unknown}
 f - a scroll of amnesia {unknown}
 g - 2 scrolls of teleportation
 h - a scroll of poison {unknown}
 j - a scroll of fear {unknown}
 l - a scroll of brand weapon {unknown}
 m - a scroll of enchant weapon {unknown}
 n - a scroll of noise {unknown}
 o - a scroll of silence {unknown}
 q - a scroll of immolation
 s - a scroll of revelation {unknown}
 u - a scroll of butterflies {unknown}
Potions
 d - 2 potions of enlightenment
 e - 4 potions of mutation
 i - 2 potions of brilliance
 p - a potion of might {unknown}
 r - 3 potions of curing


   Skills:
 + Level 1.8 Fighting
 + Level 0.4 Short Blades
 + Level 2.6 Dodging
 + Level 2.6 Stealth
 + Level 5.5 Spellcasting
 + Level 1.0 Conjurations
 + Level 5.7 Earth Magic


You had 10 spell levels left.
You knew the following spells:

 Your Spells              Type           Power      Damage    Failure   Level
a - Sandblast             Erth           44%        2d11      1%          1
b - Stone Arrow           Conj/Erth      30%        3d8       11%         3
c - Passwall              Erth           22%        N/A       4%          3

Your spell library contained the following spells:

 Spells                   Type           Power      Damage    Failure   Level
 Shock                    Conj/Air       24%        1d4       12%         1
 Ensorcelled Hibernation  Hex/Ice        8%         N/A       22%         2
 Brom's Barrelling Bould  Conj/Erth      15%        2d4       34%         4
 Swiftness                Air            4%         N/A       41%         3
 Petrify                  Alch/Erth      13%        N/A       41%         4
 Airstrike                Air            2%         2d(1-17)  82%         4


Dungeon Overview and Level Annotations

Branches:
Dungeon (6/15)
 Temple: D:4-7

Altars:
Cheibriados
Fedhas
Nemelex Xobeh
Qazlal
Ru
Yredelemnul

Shops:
D:2 :?*   D:6 *


Innate Abilities, Weirdness & Mutations

You have a pair of small horns on your head.
You regenerate a little health from kills.
You have an extremely huge brain. (Int +4)


Message History

A troll comes into view.
The troll shouts!
A troll is nearby!
A troll is nearby!
A troll is nearby!
The blast of sand hits the troll.
The troll is lightly wounded.
Casting: Sandblast (safe; 1% risk of failure)
Confirm with . or Enter, or press ? or * to list all spells.
Okay, then.
The stone arrow misses the troll.
The stone arrow hits the troll!!
The troll is heavily wounded.
The troll bites you but does no damage. The troll claws you! x2
The stone arrow hits the troll!
The troll is severely wounded.
The troll bites you. The troll misses you. The troll claws you.
The stone arrow misses the troll.
The troll bites you. The troll claws you!
* * * LOW HITPOINT WARNING * * *
The troll misses you.
You are too injured to fight recklessly!
You are too injured to fight recklessly!
You are too injured to fight recklessly!
Casting: Stone Arrow (dangerous; 9% risk of failure)
Confirm with . or Enter, or press ? or * to list all spells.
You don't have enough magic to cast this spell.
Unknown command.
Unknown command.
Unknown command.
It was a potion of curing.
You feel better. The troll bites you!
* * * LOW HITPOINT WARNING * * *
The troll closely misses you. The troll claws you.
* * * LOW HITPOINT WARNING * * *
It was a potion of degeneration.
There was something very wrong with that liquid.
You feel weakened.
You feel dopey.
You feel clumsy. The troll bites you.
* * * LOW HITPOINT WARNING * * *
The troll claws you!
You die...

####....# #..........# #######
############..........# #......
#....#.....#..........# +......
#....#.....#..........## #......
#....#.....#............ <.......
#....'.....#............ ..######
#....#######....T....... #....#
#...............@.[..... #....'
#####.......###+######.. #....#
#.......+ #....# #####.......#
#....# ...##.......#########
###..#
.#.##...............##########..#
.#................(.#.......#....
.#..#...............#..)....#...#
....#...............#####.))###+#


You could see a troll.

Vanquished Creatures
  2 ogres
  A phantom (D:4)
  A centaur (D:6)
  A weeping skull (D:3)
  2 kobold brigands (D:6)
  A scorpion (D:4)
  A bombardier beetle (D:4)
  A jelly (D:3)
  A hound (D:4)
  2 sleepcaps
  Jessica (D:2)
  5 adders
  3 dart slugs
  An orc (D:3)
  3 bats
  9 endoplasms
  2 giant cockroaches
  5 goblins
  9 hobgoblins
  10 jackals (D:1)
  A quokka (D:2)
  7 ball pythons
  6 frilled lizards
  13 kobolds
  8 rats
  A spectral orc (D:3)
97 creatures vanquished.

Notes
Turn   | Place    | Note
-------+----------+-------------------------------------------
     0 | D:1      | DemonSlayer the Demonspawn Earth Elementalist began the
                  | quest for the Orb.
     0 | D:1      | Reached XP level 1. HP: 13/13 MP: 3/3
    87 | D:1      | Gained mutation: You regenerate a little health from kills.
                  | [demonic ancestry]
    87 | D:1      | Reached XP level 2. HP: 14/19 MP: 0/5
   630 | D:1      | Reached XP level 3. HP: 24/24 MP: 0/6
  1118 | D:1      | Learned a level 3 spell: Stone Arrow
  1429 | D:2      | Found Wagogote's Assorted Antiques.
  1446 | D:2      | Bought a scroll labelled EGANIL ZUYHAU for 25 gold pieces
  1690 | D:2      | Found Zahyconk's Book Boutique.
  1815 | D:2      | Noticed Jessica
  1824 | D:2      | Killed Jessica
  1825 | D:2      | Gained mutation: You have a pair of small horns on your
                  | head. [demonic ancestry]
  1825 | D:2      | Reached XP level 4. HP: 31/31 MP: 5/8
  1889 | D:2      | Found a blossoming altar of Fedhas.
  1919 | D:2      | Found Utwariav's Magic Scroll Shoppe.
  1924 | D:2      | Bought a scroll of teleportation for 30 gold pieces
  1924 | D:2      | Bought a scroll of identify for 20 gold pieces
  2135 | D:2      | Learned a level 3 spell: Passwall
  2204 | D:3      | Found a basalt altar of Yredelemnul.
  2204 | D:3      | Noticed a weeping skull
  2216 | D:3      | Killed a weeping skull
  2217 | D:3      | Reached skill level 1 in Fighting
  2217 | D:3      | Gained mutation: You have an unusually large brain. (Int
                  | +2) [demonic ancestry]
  2217 | D:3      | Reached XP level 5. HP: 37/37 MP: 1/10
  2306 | D:3      | Found a faded altar of an unknown god.
  2736 | D:3      | Noticed an ogre
  2743 | D:3      | Killed an ogre
  2744 | D:3      | Reached XP level 6. HP: 30/43 MP: 6/11
  3035 | D:4      | Found a sparkling altar of Nemelex Xobeh.
  3200 | D:4      | Reached skill level 5 in Earth Magic
  3200 | D:4      | Gained mutation: You have an extremely huge brain. (Int +4)
                  | [demonic ancestry]
  3200 | D:4      | Reached XP level 7. HP: 27/48 MP: 7/13
  3575 | D:4      | Found a sacrificial altar of Ru.
  3660 | D:4      | Found a stormy altar of Qazlal.
  3706 | D:4      | Found a snail-covered altar of Cheibriados.
  3720 | D:4      | You fall into a shaft and drop 1 floor!
  3720 | D:5      | Entered Level 5 of the Dungeon
  3936 | D:6      | Reached skill level 5 in Spellcasting
  4115 | D:6      | Found Kaug's Assorted Antiques.
  4424 | D:6      | Noticed a troll
  4433 | D:6      | Mangled by a troll

Illustrated notes

Levels and vault maps discovered:
D:1:      tarquinn_simple_flora_water_a, layout_loops_ring
D:2:      layout_loops_ring, serial_shops, nicolae_shop_dealshenge,
          nicolae_shop_pleasant_corner_grove, shop_statue, basic_altar,
          uniq_jessica
D:3:      layout_rooms, yredelemnul_forgotten_temple_becter,
          hellmonk_ecumenical_altar_blasted, amcnicky_mini_corridor_feature
D:4:      minmay_evil_eye, layout_basic, old_standard_altar,
          mainiacjoe_overflow_tiny_flanked, hangedman_ru_absence,
          cheibrodos_worm_habitat
D:5:      layout_loops_ring, lemuel_doored_altar,
          minmay_temple_entry_antechambers, serial_bayou_lake_a
D:6:      black_bear_nest_1, layout_gridville, serial_shops,
          nicolae_inconvenience_store, minmay_misc_feat_columns,
          nicolae_grassy_gnolls

Skill      XL: |  1  2  3  4  5  6  7 |
---------------+----------------------+-----
Stealth        | 2 |  2.6
Dodging        | 2 |  2.6
Earth Magic    | 3 4 5 |  5.7
Spellcasting   | 3 4 5 |  5.5
Fighting       | 1 |  1.8
Short Blades   | |  0.4
Conjurations   | |  1.0

Action                     |  1- 3 |  4- 6 |  7- 9 || total
---------------------------+-------+-------+-------++-------
  Melee: Unarmed           |    15 |       |       ||    15
         Dagger            |     7 |     8 |     3 ||    18
         Headbutt          |       |     3 |     2 ||     5
   Cast: Sandblast         |    69 |    64 |    30 ||   163
         Stone Arrow       |       |       |     4 ||     4
    Use: Potion            |     1 |       |     2 ||     3
         Scroll            |       |     2 |     2 ||     4
   Stab: Sleeping          |       |     1 |       ||     1
 Armour: Robe              |    48 |    27 |    30 ||   105
  Dodge: Dodged            |    66 |    40 |    16 ||   122
